 Dungeon Crawl Stone Soup version 0.31.0-11-ge490571c62 (webtiles) character file.

Game seed: 2339403644726116769

8 browni3141 the Shooter (level 2, 22/22 HPs)
             Began as a Demonspawn Hunter on Jan 31, 2024.
             Got out of the dungeon alive.
             The game lasted 00:00:14 (287 turns).

browni3141 the Shooter (Demonspawn Hunter)           Turns: 287, Time: 00:00:14

Health: 22/22      AC:  3    Str: 11    XL:     2   Next: 0%
Magic:  2/2        EV: 12    Int:  9    God:
Gold:   34         SH:  4    Dex: 16    Spells: 1/1 levels left

rFire   . . .        a - +0 shortbow
rCold   . . .        (shield currently unavailable)
rNeg    . . .        c - +0 leather armour
rPois   .            (no helmet)
rElec   .            (no cloak)
rCorr   .            (no gloves)
SInv    .            (no boots)
Will    .....        (no amulet)
Stlth   ++           (no ring)
HPRegen 0.23/turn    (no ring)
MPRegen 0.08/turn

%: no passive effects
@: no status effects
A: condensation shield
a: no special abilities


You escaped.
You visited 1 branch of the dungeon, and saw 1 of its levels.

You collected 34 gold pieces.

Inventory:

Hand Weapons
 a - a +0 shortbow (weapon)
Missiles
 d - 5 javelins
Armour
 c - a +0 leather armour (worn)
Scrolls
 b - a scroll of butterflies


   Skills:
 + Level 2.1 Fighting
 + Level 3.7 Ranged Weapons
 + Level 2.0 Dodging
 + Level 1.2 Stealth


You had one spell level left.
You didn't know any spells.
Your spell library was empty.

Dungeon Overview and Level Annotations

Branches:
Dungeon (1/15)

Altars:


Innate Abilities, Weirdness & Mutations

A meltable shield of frost defends you. (SH +4)


Message History

The kobold throws a stone.
The stone hits you.
The kobold throws a stone.
The stone hits you but does no damage.
A kobold is nearby!
A kobold is nearby!
You shoot an arrow. The arrow barely misses the kobold.
You shoot an arrow. The arrow closely misses the kobold.
A kobold is nearby!
You shoot an arrow. The arrow closely misses the kobold.
A kobold is nearby!
A kobold is nearby!
You shoot an arrow. The arrow hits the kobold!
You kill the kobold!
No target in view!
You now have 20 gold pieces (gained 9).
A bat comes into view.
You shoot an arrow.
The arrow hits the bat but does no damage.
A bat is nearby!
You shoot an arrow. The arrow hits the bat.
You kill the bat!
A kobold comes into view. It is wielding a +0 club.
You shoot an arrow. The arrow hits the kobold.
You kill the kobold!
Things that are here:
a +0 club; a kobold corpse You now have 34 gold pieces (gained 14).
A kobold comes into view. It is wielding a +0 short sword.
The kobold moves out of view.
No target in view!
You shoot an arrow. The arrow hits the kobold!
You kill the kobold!
A quokka comes into view.
You shoot an arrow. The arrow hits the quokka.
The quokka is lightly wounded.
A quokka is nearby!
You shoot an arrow.
The arrow hits the quokka but does no damage.
The quokka is lightly wounded.
A quokka is nearby!
You shoot an arrow. The arrow closely misses the quokka.
The quokka closely misses you.
A quokka is nearby!
A quokka is nearby!
You shoot an arrow. The arrow misses the quokka.
The quokka misses you.
You shoot an arrow. The arrow barely misses the quokka.
The quokka barely misses you. The quokka bites you.
A quokka is nearby!
You shoot an arrow. The arrow closely misses the quokka.
The quokka barely misses you.
A quokka is nearby!
You shoot an arrow. The arrow closely misses the quokka.
The quokka bites you but does no damage.
The quokka misses you.
A quokka is nearby!
You shoot an arrow. The arrow barely misses the quokka.
The quokka bites you.
A quokka is nearby!
You shoot an arrow. The arrow closely misses the quokka.
The quokka bites you. The quokka misses you.
A quokka is nearby!
You shoot an arrow. The arrow hits the quokka.
The quokka is lightly wounded.
The quokka barely misses you.
A quokka is nearby!
You shoot an arrow. The arrow completely misses the quokka.
The quokka closely misses you. The quokka barely misses you.
A quokka is nearby!
You shoot an arrow. The arrow barely misses the quokka.
The quokka bites you but does no damage.
A quokka is nearby!
You shoot an arrow. The arrow misses the quokka.
The quokka bites you. x2
A quokka is nearby!
A quokka is nearby!
You shoot an arrow. The arrow closely misses the quokka.
The quokka bites you.
A quokka is nearby!
A quokka is nearby!
A quokka is nearby!
You shoot an arrow.
The arrow hits the quokka but does no damage.
The quokka is lightly wounded.
The quokka bites you but does no damage.
The quokka misses you.
You shoot an arrow. The arrow hits the quokka.
The quokka is severely wounded.
The quokka bites you.
You shoot an arrow. The arrow hits the quokka.
You kill the quokka!
Your Dodging skill increases to level 2!
You have reached level 2!
Your demonic ancestry asserts itself...
Frost condenses into a shield before you.
No target in view!
No target in view!
You see here a +0 club.
A bat comes into view.
You see here an amulet of guardian spirit.
A bat is nearby!
A bat is nearby!
Unknown command.
There is a staircase leading out of the dungeon here.
You have escaped!

###.....# ####......##
#########......####
###.............##
#.".######.######
b......###...........###
.....###...###...###...###
....##...####.....####...##
...##..#####...@...#####..##
..##..## ##.........##
##..## .##..##
##...........## ##..##
##..## ##......#......##
##).## #..##
##......###......## ##..#
##.## ##......## ##......##
##.## #..# ##......##
##......## #..#
#.####......##
##......####.# )..........##
##..........#


There were no monsters in sight!

Vanquished Creatures
  2 bats (D:1)
  3 kobolds (D:1)
  A quokka (D:1)
  A rat (D:1)
7 creatures vanquished.

Notes
Turn   | Place    | Note
-------+----------+-------------------------------------------
     0 | D:1      | browni3141 the Demonspawn Hunter began the quest for the
                  | Orb.
     0 | D:1      | Reached XP level 1. HP: 16/16 MP: 1/1
    35 | D:1      | Reached skill level 1 in Stealth
   158 | D:1      | Gained mutation: A meltable shield of frost defends you.
                  | (SH +4) [demonic ancestry]
   158 | D:1      | Reached XP level 2. HP: 8/22 MP: 2/2
   287 | D:$      | Got out of the dungeon alive.

Illustrated notes

Levels and vault maps discovered:
D:1:      dpeg_arrival_central, layout_rooms, chequers_serial_rivers_small_b,
          minmay_tripent

Skill      XL: |  1 |
---------------+----+-----
Stealth        | 1 |  1.2
Dodging        | 2 |  2.0
Fighting       | |  2.1
Ranged Weapons | |  3.7

Action                     || total
---------------------------++-------
   Fire: Shortbow          ||    37
 Armour: Leather armour    ||    19
  Dodge: Dodged            ||    17
